 Dungeon Crawl Stone Soup version 0.17-a0-2215-g49c1de0 (webtiles) character file.

205033 esc the Fighter (level 18, -5/157 HPs)
             Began as a Demonspawn Berserker on Oct 27, 2015.
             Was the Champion of Trog.
             Slain by a shock serpent (13 damage)
             ... on level 2 of the Snake Pit.
             The game lasted 02:15:00 (40293 turns).

esc the Fighter (Demonspawn Berserker)             Turns: 40293, Time: 02:15:01

Health: -5/157     AC: 25    Str: 21    XL:     18   Next: 3%
Magic:  0/12       EV: 26    Int:  7    God:    Trog [******]
Gold:   940        SH:  0    Dex: 27    Spells: 0 memorised, 17 levels left

rFire  . . .     SeeInvis +     R - +4 great mace (antimagic)
rCold  . . .     Clarity  .     C - +5 ring mail "Reizyun" {rPois Str+3}
rNeg   . . .     SustAt   .     (no shield)
rPois  +         Gourm    .     J - +1 hat
rElec  .         Spirit   +     I - +0 cloak
rCorr  .         Warding  .     W - +0 pair of gloves
rMut   +         Stasis   .     (boots unavailable)
MR     +....                    f - amulet "Dutosid" {rMut MP+9 Int-3 Dex+8}
Stlth  +.........               K - +5 ring of protection
                                Q - ring of see invisible {sInv, !d}

@: somewhat resistant to hostile enchantments, very unstealthy
A: hooves 3, rugged brown scales 3, spiny 2, magic shield, magic regeneration,
magic link
a: Berserk, Trog's Hand, Brothers in Arms, Burn Spellbooks, Renounce Religion
}: 1/15 runes: serpentine


You were on level 2 of the Snake Pit.
You worshipped Trog.
Trog was exalted by your worship.
You were not hungry.

You visited 4 branches of the dungeon, and saw 28 of its levels.
You also visited: Labyrinth and Bailey.

You collected 3320 gold pieces.
You spent 2380 gold pieces at shops.

Inventory:

Hand Weapons
 l - a +0 blowgun
   (You found it on level 3 of the Dungeon)
 R - a +4 antimagic great mace (weapon)
   (Trog gifted it to you on level 2 of the Orcish Mines)
Missiles
 i - 60 poisoned needles
 n - 42 tomahawks (quivered)
 E - 7 needles of sleeping
 S - 4 silver tomahawks
Armour
 C - the +5 ring mail "Reizyun" (worn) {rPois Str+3}
   (You bought it in a shop on level 4 of the Snake Pit)

   It affects your strength (+3).
   It protects you from poison.
 I - a +0 cloak (worn)
   (You found it on level 9 of the Dungeon)
 J - a +1 hat (worn)
   (You took it off Gastronok on level 2 of the Lair of Beasts)
 W - a +0 pair of gloves (worn)
   (You found it on level 2 of the Lair of Beasts)
Rods
 D - a +0 lightning rod (10/10)
   (You found it on level 10 of the Dungeon)
 N - a +0 rod of the swarm (11/11) {!a}
   (You took it off a two-headed ogre on level 10 of the Dungeon)
 Y - a +1 iron rod (13/13)
   (You found it in a labyrinth)
Jewellery
 f - the amulet "Dutosid" (around neck) {rMut MP+9 Int-3 Dex+8}
   (You bought it in a shop on level 3 of the Orcish Mines)

   [amulet of resist mutation]

   It protects you from mutation.
   It affects your intelligence (-3).
   It affects your dexterity (+8).
   It affects your magic capacity (+9).
 o - an uncursed amulet of stasis {Stasis, !d}
   (You bought it in a shop on level 2 of the Orcish Mines)
 z - an uncursed ring of fire {rF+, rC-}
   (You found it on level 6 of the Dungeon)
 K - a +5 ring of protection (right hand)
   (You bought it in a shop on level 3 of the Orcish Mines)
 M - an uncursed ring of protection from cold {rC+, !d}
   (You found it on level 7 of the Lair of Beasts)
 Q - a ring of see invisible (left hand) {sInv, !d}
   (You found it on level 2 of the Lair of Beasts)
Wands
 k - a wand of fire (6)
   (You took it off Urug on level 2 of the Lair of Beasts)
 y - a wand of paralysis (6)
   (You found it on level 8 of the Lair of Beasts)
 F - a wand of digging (14)
   (You found it in a labyrinth)
 H - a wand of disintegration (9)
   (You found it on level 9 of the Dungeon)
Scrolls
 a - 2 scrolls of enchant weapon
 m - 9 scrolls of remove curse
 p - 3 scrolls of fog
 s - 4 scrolls of enchant armour
 x - 3 scrolls of magic mapping {!r}
 B - a scroll of identify
 P - 3 scrolls of recharging
 X - a scroll of fear
Potions
 b - a potion of agility
 d - a potion of haste
 e - 3 potions of curing
 g - a potion of heal wounds
 h - 3 potions of resistance
 r - 5 potions of flight
 G - a potion of cure mutation {!q}
 U - 3 potions of brilliance
 V - 2 potions of might
Books
 t - a book of Power
   (You found it on level 2 of the Snake Pit)
Miscellaneous
 u - a lamp of fire
   (You found it on level 6 of the Lair of Beasts)
 w - a phantom mirror
 A - a plain deck of summoning {drawn: 1}
   (You found it on level 8 of the Lair of Beasts)
 L - a stone of tremors
   (You found it on level 10 of the Dungeon)
 Z - a plain deck of summoning
   (You found it on level 6 of the Lair of Beasts)
Comestibles
 c - 3 bread rations {@e1}
 j - 19 meat rations {@e2}
 q - a slice of pizza


   Skills:
 + Level 14.7 Fighting
 + Level 14.3 Maces & Flails
 + Level 13.3 Armour
 + Level 13.3 Dodging
 + Level 12.3 Evocations


You had 17 spell levels left.
You didn't know any spells.

Dungeon Overview and Level Annotations

Branches:
Dungeon (12/15)            Temple (0/1) D:4            Lair (8/8) D:8
 Shoals (0/4) Lair:3        Snake (4/4) Lair:3        Slime (0/6) Lair:8
    Orc (4/4) D:11            Elf (0/3) Orc:4

Altars:
Fedhas
Gozag
Makhleb
Nemelex Xobeh
Qazlal
Ru
Trog
Yredelemnul
Zin
The Shining One
Beogh

Shops:
Orc:2 =   Orc:3 =(%   Orc:4 ?:=[   Snake:4 [


Innate Abilities, Weirdness & Mutations

You have hooves in place of feet.
You are completely covered in rugged brown scales (AC +3, +7% HP).
You are mostly covered in sharp spines.
When hurt, damage is shared between your health and your magic reserves.
You regenerate magic rapidly.
When low on magic, you restore magic in place of health.


Message History

a wand of disintegration {zapped: 1}; 10 javelins The shock serpent shoots out a bolt of lightning at you!
The bolt of electricity hits you!
You take 22 damage, and have 135/157 hp.
You now have 11/12 mp.
MP restored: 12 You sock the shock serpent!
Your kick misses the shock serpent.
The shock serpent's electric aura discharges!
The lightning shocks you. The shock serpent barely misses you.
The shock serpent completely misses you.
You take 4 damage, and have 131/157 hp.
You sock the shock serpent! Your kick misses the shock serpent.
The shock serpent's electric aura discharges!
The lightning shocks you.
The shock serpent is struck by your spines.
The shock serpent bites you but does no damage.
You take 3 damage, and have 128/157 hp.
You sock the shock serpent!
You kick the shock serpent, but do no damage.
The shock serpent's electric aura discharges!
The lightning shocks you.
The shock serpent is struck by your spines.
The shock serpent barely misses you.
The shock serpent's electric aura discharges!
The lightning shocks you.
The shock serpent completely misses you.
You crush the shock serpent like a grape!!!
You kill the shock serpent!
Trog accepts your kill.
You take 14 damage, and have 114/157 hp.
You now have 10/12 mp.
No target in view!
No target in view!
No target in view!
(D) Dungeon (T) Temple (L) Lair (A) Shoals (P) Snake Pit (M) Slime Pits (O) Orcish Mines (E) Elven Halls
Where to? (Enter - D:12, ? - help)
There is a stone staircase leading up, spattered with blood here.
You see here a mace.
You climb upwards.
There is a stone staircase leading down here.
A shock serpent comes into view.
The shock serpent hisses angrily.
You regained 10 hp, and now have 124/157 hp.
MP restored: 12 The shock serpent shoots out a bolt of lightning at you!
The bolt of electricity hits you!
You take 20 damage, and have 104/157 hp.
You now have 10/12 mp.
You barely miss the shock serpent. You kick the shock serpent.
The shock serpent closely misses you.
The shock serpent shoots out a bolt of lightning at you!
The bolt of electricity misses you. The bolt of electricity hits you!
You take 11 damage, and have 94/157 hp.
You now have 9/12 mp.
You closely miss the shock serpent.
The shock serpent is struck by your spines.
The shock serpent bites you! The shock serpent shocks you!
The shock serpent's electric aura discharges!
The lightning shocks you.
You take 29 damage, and have 65/157 hp.
You now have 6/12 mp.
You hit the shock serpent.
You kick the shock serpent, but do no damage.
The shock serpent shoots out a bolt of lightning at you!
The bolt of electricity misses you. x2
You closely miss the shock serpent.
You kick the shock serpent, but do no damage.
The shock serpent is struck by your spines.
The shock serpent bites you but does no damage.
The shock serpent's electric aura discharges!
The lightning shocks you.
The shock serpent shoots out a bolt of lightning at you!
The bolt of electricity hits you! x2
* * * LOW HITPOINT WARNING * * *
You are too injured to fight recklessly!
You take 35 damage, and have 31/157 hp.
MASSIVE DAMAGE!!
You now have 3/12 mp.
You miss the shock serpent. You kick the shock serpent!
The shock serpent's electric aura discharges!
The lightning shocks you.
The shock serpent is struck by your spines.
The shock serpent bites you.
* * * LOW HITPOINT WARNING * * *
The shock serpent shocks you!
* * * LOW HITPOINT WARNING * * *
The shock serpent's electric aura discharges!
The lightning shocks you.
* * * LOW HITPOINT WARNING * * *
You take 26 damage, and have 5/157 hp.
You now have 1/12 mp.
Drink which item? (? for menu, Esc to quit)
Okay, then.
Read which item? (? for menu, Esc to quit)
Okay, then.
Drink which item? (? for menu, Esc to quit)
You feel better.
The shock serpent bites you but does no damage.
The shock serpent bites you.
* * * LOW HITPOINT WARNING * * *
The shock serpent shocks you!
You die...

#.#........................###...
#.#.....)....####.........####...
............## ##........###....
####..#..#.#######.......###.....
## ####.#.......#####.#.###...>..
.## #.........<..# #.####.......
..###............####............
...###............#...###........
...###.........S@..##.###........
....###...........####.##........
.....##..........## #.###.......
.....###.........# ##.###......
......#.........## ### ##.....
...............## ##....
........)#[....# ### ###..
.........##....# #.#####..
........###..#.##########...##...


You could see a shock serpent.

Vanquished Creatures
  Gastronok (Lair:2)
  8 greater nagas
  A minotaur (Lab)
  Josephine (Orc:4)
  A fire dragon (Lair:8)
  17 naga warriors
  6 hydras
  9 anacondas
  5 orc high priests
  Urug (Lair:2)
  12 naga sharpshooters
  9 shock serpents
  Nergalle (Orc:2)
  5 salamander mystics
  2 fire crabs
  2 lindwurms (Lair:8)
  6 orc knights
  5 naga ritualists
  7 mana vipers
  2 hill giants
  A wolf spider (Lair:8)
  3 orc sorcerers (Orc:4)
  A griffon (Lair:7)
  An ugly thing (D:11)
  14 elephants
  A manticore (D:12)
  22 naga magi
  8 salamanders
  3 guardian serpents
  6 torpor snails (Lair:8)
  42 black mambas
  Psyche (D:10)
  10 komodo dragons
  15 spiny frogs
  A kobold demonologist (Bailey)
  2 fire drakes
  4 giant leeches (Lair:8)
  3 polar bears
  7 blink frogs
  5 slime creatures
  A wind drake (Bailey)
  A snapping turtle (Lair:3)
  3 two-headed ogres
  4 wraiths (Orc:4)
  Sigmund (D:4)
  A redback (Lair:8)
  2 deep elf magi (D:10)
  3 wyverns
  11 hippogriffs
  64 yaks
  Grum (Lair:1)
  6 basilisks
  16 wolves
  3 hungry ghosts
  A vampire mosquito (D:10)
  6 wargs
  55 nagas
  3 black bears
  2 mottled dragons (Bailey)
  A soldier ant (D:11)
  4 spiders (Lair:8)
  10 porcupines
  29 water moccasins
  A necrophage (D:8)
  An ice beast (D:8)
  33 orc warriors
  5 centaurs
  6 sky beasts
  18 ogres
  7 wasps
  16 crocodiles
  3 brain worms (Lair:8)
  3 big kobolds
  26 giant frogs
  A wyvern zombie (D:9)
  2 scorpions
  5 wights (D:8)
  14 killer bees
  2 crimson imps
  11 electric eels
  4 jellies
  2 giant frog zombies (D:6)
  29 orc priests
  27 orc wizards
  6 hounds
  9 iguanas
  18 sheep
  4 hell rats (Lair:6)
  16 worker ants
  A hound skeleton (D:6)
  22 adders
  5 gnolls
  53 river rats
  2 shadow imps
  3 adder skeletons
  2 adder zombies
  19 worms
  184 orcs
  4 ball pythons
  9 giant cockroaches
  18 goblins
  19 hobgoblins
  20 jackals
  4 quokkas
  6 bats
  6 giant geckos
  A giant gecko skeleton (D:4)
  3 giant newts
  A jackal zombie (D:6)
  24 kobolds
  A quokka skeleton (D:6)
  3 quokka zombies
  34 rats
  2 plants
1194 creatures vanquished.

Vanquished Creatures (collateral kills)
  Asterion (Snake:3)
  Maud (D:11)
  The ghost of mvuijlst the Executioner, a journeyman MiBe of Trog (D:11)
  An orc warlord (Orc:4)
  A naga warrior (Snake:4)
  A hydra (D:8)
  3 naga sharpshooters (Snake:4)
  2 orc knights
  A black mamba (Snake:4)
  An orc sorcerer (Orc:4)
  A troll (D:10)
  A blink frog (Lair:6)
  A deep elf mage (D:10)
  A wraith (Orc:4)
  5 nagas (Snake:4)
  3 orc warriors (Orc:4)
  A big kobold (D:8)
  3 killer bees (D:7)
  3 orc priests (Orc:4)
  An orc wizard (Orc:4)
  5 orcs (Orc:4)
  A hobgoblin (Bailey)
  2 jackals (D:11)
41 creatures vanquished.

Vanquished Creatures (others)
  An eldritch tentacle (Snake:4)
  A naga (Snake:4)
  An orc priest (D:12)
  3 bushes (Lair:8)
  56 eldritch tentacle segments (Snake:4)
  42 fungi
  72 plants
176 creatures vanquished.

Grand Total: 1411 creatures vanquished

Notes
Turn   | Place    | Note
--------------------------------------------------------------
     0 | D:1      | esc the Demonspawn Berserker began the quest for the Orb.
     0 | D:1      | Reached XP level 1. HP: 18/18 MP: 1/1
   190 | D:1      | Reached skill level 2 in Armour
   202 | D:1      | Reached skill level 2 in Dodging
   230 | D:1      | Gained mutation: You are partially covered in rugged brown scales (AC +1, +3% HP). [demonic ancestry]
   230 | D:1      | Reached XP level 2. HP: 9/24 MP: 2/2
   826 | D:2      | Reached skill level 3 in Maces & Flails
   841 | D:2      | Gained mutation: You have large cloven feet. [demonic ancestry]
   841 | D:2      | Reached XP level 3. HP: 16/29 MP: 3/3
  1164 | D:2      | Reached ** piety under Trog
  1418 | D:2      | Gained mutation: You are mostly covered in rugged brown scales (AC +2, +5% HP). [demonic ancestry]
  1418 | D:2      | Reached XP level 4. HP: 9/36 MP: 4/4
  1418 | D:2      | HP: 8/36 [poisoned by an adder]
  1471 | D:2      | Found a glowing golden altar of the Shining One.
  2520 | D:3      | Reached XP level 5. HP: 44/44 MP: 5/5
  2906 | D:3      | Reached skill level 4 in Fighting
  3105 | D:3      | Reached *** piety under Trog
  3461 | D:4      | Found a staircase to the Ecumenical Temple.
  3496 | D:3      | Reached skill level 3 in Armour
  3593 | D:3      | Reached skill level 4 in Maces & Flails
  3593 | D:3      | Reached skill level 3 in Dodging
  3794 | D:4      | Noticed Sigmund
  3821 | D:4      | Killed Sigmund
  3821 | D:4      | Gained mutation: You have hoof-like feet. [demonic ancestry]
  3821 | D:4      | Reached XP level 6. HP: 44/51 MP: 4/6
  3916 | D:4      | Noticed an ogre
  3925 | D:4      | Killed an ogre
  3967 | D:4      | Gained mutation: When hurt, damage is shared between your health and your magic reserves. [demonic ancestry]
  3967 | D:4      | Reached XP level 7. HP: 50/57 MP: 5/7
  4004 | D:4      | Reached skill level 5 in Fighting
  4116 | D:4      | Found a sparkling altar of Nemelex Xobeh.
  4348 | D:4      | Reached **** piety under Trog
  4669 | D:5      | Entered Level 5 of the Dungeon
  4719 | D:5      | Reached skill level 4 in Armour
  4719 | D:5      | Reached skill level 4 in Dodging
  5068 | D:5      | Found a glowing silver altar of Zin.
  5072 | D:5      | Reached skill level 5 in Maces & Flails
  5078 | D:5      | Found a bloodstained altar of Trog.
  5089 | D:5      | Found a stormy altar of Qazlal.
  5478 | D:6      | Gained mutation: You have hooves in place of feet. [demonic ancestry]
  5478 | D:6      | Reached XP level 8. HP: 66/66 MP: 5/8
  5644 | D:6      | Reached skill level 6 in Fighting
  5670 | D:6      | Reached skill level 5 in Armour
  5670 | D:6      | Reached skill level 5 in Dodging
  5709 | D:6      | Noticed a troll
  6160 | D:6      | Reached ***** piety under Trog
  6321 | D:6      | Noticed a hill giant
  6378 | D:6      | Killed a hill giant
  6378 | D:6      | Reached skill level 6 in Maces & Flails
  6378 | D:6      | Reached XP level 9. HP: 74/74 MP: 9/9
  6545 | D:6      | Reached skill level 7 in Fighting
  6719 | D:7      | Reached skill level 6 in Dodging
  6774 | D:7      | Reached skill level 6 in Armour
  7212 | D:7      | Gained mutation: You are frail (-10% HP). [mutagenic meat]
  7236 | D:7      | Found an opulent altar of Gozag.
  7650 | D:8      | Reached skill level 7 in Maces & Flails
  7895 | D:8      | Gained mutation: You regenerate magic rapidly. [demonic ancestry]
  7895 | D:8      | Reached XP level 10. HP: 67/76 MP: 10/10
  7907 | D:8      | Reached skill level 7 in Dodging
  7946 | D:8      | Reached skill level 8 in Fighting
  7951 | D:8      | Received a gift from Trog
  8421 | D:8      | Found a staircase to the Lair.
  8679 | D:8      | Received a gift from Trog
  8681 | D:8      | Reached skill level 7 in Armour
  8715 | D:8      | Noticed a three-headed hydra
  8721 | D:8      | Killed a seven-headed hydra
  9198 | D:9      | Found a basalt altar of Yredelemnul.
  9456 | D:9      | Found a blossoming altar of Fedhas.
  9732 | D:10     | Entered Level 10 of the Dungeon
  9753 | D:10     | Identified a +0 lightning rod (10/10) (You found it on level 10 of the Dungeon)
  9907 | D:10     | Noticed Psyche
  9919 | D:10     | Killed Psyche
  9919 | D:10     | Reached skill level 9 in Fighting
  9919 | D:10     | Reached skill level 8 in Maces & Flails
  9919 | D:10     | Reached skill level 1 in Evocations
  9943 | D:10     | Reached skill level 2 in Evocations
  9981 | D:10     | Noticed a wolf spider
 10215 | D:10     | Reached skill level 8 in Dodging
 10275 | D:10     | Gained mutation: You are partially covered in sharp spines. [demonic ancestry]
 10275 | D:10     | Reached XP level 11. HP: 84/84 MP: 12/12
 10284 | D:10     | Gained mutation: You are somewhat resistant to further mutation. [potion of mutation]
 10350 | D:10     | Noticed a hill giant
 10410 | D:9      | Killed a hill giant
 10512 | D:10     | Identified a +0 rod of the swarm (4/11) {!a} (You took it off a two-headed ogre on level 10 of the Dungeon)
 10546 | D:10     | Reached skill level 3 in Evocations
 10656 | D:11     | Noticed Maud
 10669 | D:11     | Killed Maud
 10669 | D:11     | Reached skill level 8 in Armour
 10675 | D:11     | Received a gift from Trog
 11047 | D:11     | Found a staircase to the Orcish Mines.
 11092 | D:11     | Noticed mvuijlst's ghost (journeyman MiBe)
 11143 | D:11     | Killed mvuijlst's ghost
 11193 | D:11     | Reached skill level 4 in Evocations
 11304 | D:11     | Gained mutation: You occasionally shout uncontrollably at your foes. [mutagenic meat]
 11306 | D:11     | Lost mutation: You are frail (-10% HP). [potion of cure mutation]
 11306 | D:11     | Lost mutation: You occasionally shout uncontrollably at your foes. [potion of cure mutation]
 11306 | D:11     | Lost mutation: You are somewhat resistant to further mutation. [potion of cure mutation]
 11581 | D:12     | Noticed a fire dragon
 11583 | D:12     | Reached skill level 10 in Fighting
 11588 | D:11     | Reached skill level 9 in Maces & Flails
 12325 | D:11     | Reached skill level 5 in Evocations
 12439 | D:12     | Reached skill level 9 in Dodging
 12467 | D:12     | Gained mutation: You are completely covered in rugged brown scales (AC +3, +7% HP). [demonic ancestry]
 12467 | D:12     | Reached XP level 12. HP: 53/103 MP: 15/15
 12701 | Orc:1    | Entered Level 1 of the Orcish Mines
 13091 | Orc:2    | Found Vesma's Jewellery Shop.
 13105 | Orc:2    | Received a gift from Trog
 13105 | Orc:2    | Reached skill level 9 in Armour
 13137 | Orc:2    | Found a flagged portal.
 13232 | Bailey   | Entered a bailey
 13712 | Bailey   | Found an iron altar of Okawaru.
 14584 | Bailey   | HP: 23/104 [electric eel/bolt of electricity (6)]
 15142 | Bailey   | Got a translucent hat
 15148 | Bailey   | Identified the +1 hat "Paentuix" {rN++ MR-} (You acquired it in a bailey)
 15682 | Orc:2    | Noticed Nergalle
 15703 | Orc:2    | Killed Nergalle
 15949 | Orc:3    | Found Asikesuc's Food Emporium.
 16154 | Orc:4    | Entered Level 4 of the Orcish Mines
 16175 | Orc:4    | Reached skill level 6 in Evocations
 16337 | Orc:4    | Received a gift from Trog
 16428 | Orc:3    | Found a burning altar of Makhleb.
 16432 | Orc:3    | Found Ebulel's Weapon Shop.
 16754 | Orc:3    | Reached ****** piety under Trog
 16802 | Orc:3    | Found Paschuar's Jewellery Emporium.
 16810 | Orc:3    | Bought a +5 ring of protection for 880 gold pieces
 17270 | Orc:4    | Noticed Josephine
 17279 | Orc:4    | Killed Josephine
 17292 | Orc:3    | Reached skill level 10 in Maces & Flails
 17979 | Orc:4    | Reached skill level 11 in Fighting
 18047 | Orc:4    | Found a roughly hewn altar of Beogh.
 18080 | Orc:4    | Found Zasif's Antique Armour Boutique.
 18091 | Orc:4    | Found Heum's Jewellery Shop.
 18241 | Orc:4    | Gained mutation: You are mostly covered in sharp spines. [demonic ancestry]
 18241 | Orc:4    | Reached XP level 13. HP: 73/113 MP: 6/18
 18293 | Orc:4    | Reached skill level 10 in Armour
 18560 | Orc:4    | Received a gift from Trog
 18579 | Orc:4    | Noticed an orc warlord
 18606 | Orc:4    | Killed an orc warlord
 18606 | Orc:4    | Reached skill level 7 in Evocations
 18635 | Orc:4    | Found a roughly hewn altar of Beogh.
 18660 | Orc:4    | Found Ihuipt's Magic Scroll Shop.
 18823 | Orc:4    | Bought a scroll of identify for 30 gold pieces
 18823 | Orc:4    | Bought a scroll of teleportation for 45 gold pieces
 18874 | Orc:4    | Reached skill level 10 in Dodging
 18924 | Orc:4    | Found Huiq's Book Shoppe.
 19363 | Orc:4    | Received a gift from Trog
 19392 | Orc:4    | Found a staircase to the Elven Halls.
 19812 | Orc:3    | Bought the amulet "Dutosid" {rMut MP+9 Int-3 Dex+8} for 920 gold pieces
 19982 | Lair:1   | Entered Level 1 of the Lair of Beasts
 20658 | Lair:1   | Noticed Grum
 20662 | Lair:1   | Killed Grum
 20669 | Lair:1   | Received a gift from Trog
 20975 | Lair:2   | Noticed Urug
 20980 | Lair:2   | Killed Urug
 20992 | Lair:2   | Noticed Gastronok
 21009 | Lair:2   | Killed Gastronok
 21009 | Lair:2   | Reached skill level 8 in Evocations
 21187 | Lair:2   | Reached skill level 11 in Maces & Flails
 21366 | Lair:2   | Reached skill level 12 in Fighting
 22004 | Lair:3   | Found a staircase to the Snake Pit.
 22027 | Lair:3   | Received a gift from Trog
 22031 | Lair:3   | Reached XP level 14. HP: 95/123 MP: 9/20
 22598 | Lair:3   | Reached skill level 11 in Armour
 22997 | Lair:3   | Found a staircase to the Shoals.
 23765 | Lair:4   | Reached skill level 9 in Evocations
 24205 | Lair:5   | Reached skill level 11 in Dodging
 24349 | Lair:5   | Found a sacrificial altar of Ru.
 24713 | Lair:5   | Received a gift from Trog
 26348 | Lair:7   | Identified the Incunabulum of the Mountains
 26359 | Lair:7   | Received a gift from Trog
 26652 | Lair:8   | Entered Level 8 of the Lair of Beasts
 26855 | Lair:8   | Found a labyrinth entrance.
 26864 | Lab      | Entered a labyrinth
 27032 | Lab      | Identified the Volume of Scorching Confrontation (You found it in a labyrinth)
 27032 | Lab      | Got a bound bone ring
 27040 | Lab      | Identified the ring of Dithuukk {+/*Tele Dex+6} (You found it in a labyrinth)
 27058 | Lab      | Got a pitted long sword
 27150 | Lair:8   | Found a runed door.
 27248 | Lair:8   | Reached skill level 13 in Fighting
 27248 | Lair:8   | Gained mutation: When low on magic, you restore magic in place of health. [demonic ancestry]
 27248 | Lair:8   | Reached XP level 15. HP: 42/131 MP: 8/22
 27573 | Lair:8   | Reached skill level 10 in Evocations
 27637 | Lair:8   | Reached skill level 12 in Maces & Flails
 28140 | Lair:8   | Identified a +1 iron rod (13/13) (You found it in a labyrinth)
 28290 | Lair:8   | Received a gift from Trog
 28620 | Lair:8   | Reached skill level 12 in Dodging
 28777 | Lair:8   | Found a staircase to the Slime Pits.
 29130 | Lair:8   | Reached skill level 12 in Armour
 29617 | Snake:1  | Entered Level 1 of the Snake Pit
 29958 | Snake:1  | Received a gift from Trog
 30576 | Snake:1  | HP: 33/132 [poisoned by a black mamba]
 30581 | Snake:1  | HP: 20/132 [poisoned by a black mamba]
 30586 | Snake:1  | HP: 18/132 [poisoned by a black mamba]
 30592 | Snake:1  | HP: 16/132 [poisoned by a black mamba]
 30597 | Snake:1  | HP: 16/132 [poisoned by a black mamba]
 30604 | Snake:1  | HP: 16/132 [poisoned by a black mamba]
 30612 | Snake:1  | HP: 16/132 [poisoned by a black mamba]
 30629 | Snake:1  | HP: 19/132 [black mamba (3)]
 31480 | Snake:2  | Noticed a greater naga
 31493 | Snake:2  | Reached skill level 11 in Evocations
 31502 | Snake:2  | Killed a greater naga
 31804 | Snake:2  | Noticed a greater naga
 31833 | Snake:2  | Killed a greater naga
 32190 | Snake:2  | Reached XP level 16. HP: 121/141 MP: 11/24
 32576 | Snake:2  | Reached skill level 13 in Maces & Flails
 32576 | Snake:2  | Reached XP level 17. HP: 141/147 MP: 11/25
 33132 | Snake:3  | Noticed Asterion
 33743 | Snake:3  | Killed Asterion
 33743 | Snake:3  | Reached skill level 14 in Fighting
 34346 | Snake:4  | Entered Level 4 of the Snake Pit
 34346 | Snake:4  | Found Jieceir's Antique Armour Boutique.
 34361 | Snake:4  | Received a gift from Trog
 34400 | Snake:4  | Bought a slimy ring mail for 243 gold pieces
 34410 | Snake:4  | Identified the +5 ring mail "Reizyun" {rPois Str+3} (You bought it in a shop on level 4 of the Snake Pit)
 34663 | Snake:4  | HP: 36/148 [naga sharpshooter/bolt of frost (5)]
 34668 | Snake:4  | HP: 37/148 [naga sharpshooter/bolt of frost (1)]
 34674 | Snake:4  | HP: 36/148 [naga ritualist/dagger of venom (3)]
 34679 | Snake:4  | HP: 35/148 [poisoned by a naga ritualist]
 36062 | Snake:4  | Received a gift from Trog
 36142 | Snake:4  | Reached skill level 14 in Maces & Flails
 36142 | Snake:4  | HP: 35/149 [shock serpent/electric aura (5)]
 36144 | Snake:4  | HP: 17/149 [poisoned by a greater naga (poison arrow)]
 36149 | Snake:3  | HP: 13/149 [poisoned by a greater naga (splash of poison)]
 36154 | Snake:3  | HP: 11/149 [poisoned by a greater naga (splash of poison)]
 36160 | Snake:3  | HP: 9/149 [poisoned by a greater naga (splash of poison)]
 36167 | Snake:3  | HP: 8/149 [poisoned by a greater naga (splash of poison)]
 36174 | Snake:3  | HP: 9/149 [poisoned by a greater naga (splash of poison)]
 36182 | Snake:3  | HP: 10/149 [poisoned by a greater naga (splash of poison)]
 36715 | Snake:4  | Reached skill level 13 in Armour
 36715 | Snake:4  | Reached skill level 13 in Dodging
 37648 | Snake:4  | Reached skill level 12 in Evocations
 38419 | Orc:2    | Bought an uncursed amulet of stasis for 262 gold pieces
 39285 | Snake:4  | HP: 27/149 [naga warrior/trident (13)]
 39545 | Snake:4  | Reached XP level 18. HP: 90/157 MP: 7/27
 40178 | Snake:4  | Got a serpentine rune of Zot
 40291 | Snake:2  | HP: 31/157 [shock serpent/bolt of electricity (17)]
 40292 | Snake:2  | HP: 15/157 [shock serpent (12)]
 40292 | Snake:2  | HP: 5/157 [shock serpent/electric aura (10)]
 40293 | Snake:2  | Slain by a shock serpent

Vault maps used:
D:1:      ncdulo_wetmaze, nrook_uturn, serial_bayou_pond_c
D:2:      nicolae_tso_carved_into_rock
D:3:      first_bread, serial_bayou_crossing
D:4:      kennysheep_kobold_camp, nemelex_deck, temple_doors_d, minmay_ruptured,
          uniq_sigmund
D:5:      minmay_overflow_temple_star_quad, item_on_display_a
D:6:      mumra_transporter_accident, minmay_misc_feat_diagonals
D:7:      grunt_ministairs_3, lemuel_tele_altar
D:8:      lemuel_ratsnest, lair_0_dummy, hangedman_ranch
D:9:      yredelemnul_altar_generic, marbit_many_paths
D:10:     lightli_swarmer, uniq_psyche
D:11:     david_orc_2, uniq_maud
D:12:     enter_trove_6, uniq_azrael
Lair:1:   st_stairs_10, small_statue_intersection, serial_bayou_lake_a,
          uniq_grum
Lair:2:   grunt_megastairs_4, uniq_urug, uniq_gastronok
Lair:3:   minmay_shoals_entry_hut, minmay_snake_entry_six_corridors,
          minivault_19
Lair:5:   basic_altar, ldierk_geyser
Lair:7:   nicolae_quartered_pool_super, st_stairs_9, kennysheep_basilisk_garden,
          lemuel_fruit_fields, serial_bayou_shore_a
Lair:8:   hangedman_lair_tendril_chambers, wormcave, dpeg_slime_entry_corner,
          lab_entry_generic, minivault_25, hangedman_lair_unloving_vines
Snake:3:  uniq_asterion
Snake:4:  minmay_snake_end_coiled, serial_shops, shop
Orc:2:    enter_bailey_2, serial_shops, shop_fountains, uniq_nergalle
Orc:3:    serial_shops, shop_fountains, nicolae_shop_statue_plus, shop,
          basic_altar, nicolae_orc_pool_cavern
Orc:4:    pubby_orc_utopia, serial_shops, uniq_josephine
Lab:      labyrinth_hidden_loot, labyrinth_fake_exit, labyrinth_skeletal_remains
Bailey:   bailey_axe_of_yendor_kennysheep, bailey

Action                   |  1- 3 |  4- 6 |  7- 9 | 10-12 | 13-15 | 16-18 || total
-------------------------+-------+-------+-------+-------+-------+-------++-------
Melee: Mace              |   123 |    80 |       |       |       |       ||   203
       Flail             |       |   102 |       |       |       |       ||   102
       Morningstar       |       |     6 |   406 |   512 |       |       ||   924
       Dire flail        |       |       |       |   241 |   435 |       ||   676
       Great mace        |       |       |       |   179 |   880 |   515 ||  1574
 Fire: Blowgun           |       |    14 |    18 |     6 |       |    11 ||    49
Throw: Tomahawk          |       |       |       |       |     3 |     2 ||     5
Invok: Berserk           |       |       |     2 |     3 |       |     2 ||     7
       Brothers in Arms  |       |       |     1 |     5 |     2 |     5 ||    13
       Trog's Hand       |       |       |     1 |     1 |       |     5 ||     7
       Burn Spellbooks   |       |       |       |     2 |     1 |       ||     3
Evoke: Rod               |       |       |       |    13 |    48 |    33 ||    94
       Wand              |       |       |       |     4 |     1 |       ||     5
       Deck              |       |       |       |     4 |       |     1 ||     5
  Use: Scroll            |       |     9 |    10 |     6 |    13 |    11 ||    49
       Potion            |       |     1 |       |     4 |       |     9 ||    14
 Stab: Sleeping          |     1 |     1 |     1 |     1 |       |       ||     4
       Distracted        |       |       |     2 |       |     1 |     1 ||     4
       Paralysed         |       |       |       |       |     2 |       ||     2
  Eat: Chunk             |     2 |     7 |    12 |    48 |    29 |     8 ||   106
       Beef jerky        |       |     1 |       |     1 |     3 |       ||     5
       Royal jelly       |       |       |     1 |       |     5 |       ||     6
       Bread ration      |       |       |     1 |       |     1 |     7 ||     9
       Pizza             |       |       |       |     1 |       |     1 ||     2
       Fruit             |       |       |       |       |     3 |       ||     3

Vault maps used:
D:1:      ncdulo_wetmaze, nrook_uturn, serial_bayou_pond_c
D:2:      nicolae_tso_carved_into_rock
D:3:      first_bread, serial_bayou_crossing
D:4:      kennysheep_kobold_camp, nemelex_deck, temple_doors_d, minmay_ruptured,
          uniq_sigmund
D:5:      minmay_overflow_temple_star_quad, item_on_display_a
D:6:      mumra_transporter_accident, minmay_misc_feat_diagonals
D:7:      grunt_ministairs_3, lemuel_tele_altar
D:8:      lemuel_ratsnest, lair_0_dummy, hangedman_ranch
D:9:      yredelemnul_altar_generic, marbit_many_paths
D:10:     lightli_swarmer, uniq_psyche
D:11:     david_orc_2, uniq_maud
D:12:     enter_trove_6, uniq_azrael
Lair:1:   st_stairs_10, small_statue_intersection, serial_bayou_lake_a,
          uniq_grum
Lair:2:   grunt_megastairs_4, uniq_urug, uniq_gastronok
Lair:3:   minmay_shoals_entry_hut, minmay_snake_entry_six_corridors,
          minivault_19
Lair:5:   basic_altar, ldierk_geyser
Lair:7:   nicolae_quartered_pool_super, st_stairs_9, kennysheep_basilisk_garden,
          lemuel_fruit_fields, serial_bayou_shore_a
Lair:8:   hangedman_lair_tendril_chambers, wormcave, dpeg_slime_entry_corner,
          lab_entry_generic, minivault_25, hangedman_lair_unloving_vines
Snake:3:  uniq_asterion
Snake:4:  minmay_snake_end_coiled, serial_shops, shop
Orc:2:    enter_bailey_2, serial_shops, shop_fountains, uniq_nergalle
Orc:3:    serial_shops, shop_fountains, nicolae_shop_statue_plus, shop,
          basic_altar, nicolae_orc_pool_cavern
Orc:4:    pubby_orc_utopia, serial_shops, uniq_josephine
Lab:      labyrinth_hidden_loot, labyrinth_fake_exit, labyrinth_skeletal_remains
Bailey:   bailey_axe_of_yendor_kennysheep, bailey

Table legend:
 A = Turns spent in this place as a percentage of turns spent in the entire game.
 B = Non-inter-level travel turns spent in this place as a percentage of non-inter-level travel turns spent in the entire game.
 C = Inter-level travel turns spent in this place as a percentage of turns spent in this place.
 D = Turns resting spent in this place as a percentage of non-inter-level travel turns spent in this place.
 E = Turns spent auto-exploring this place as a percentage of non-inter-level travel turns spent in this place.
 F = Non-inter-level travel turns spent in this place divided by the number of levels of this place that you've seen.
                   A       B       C       D       E      F
               +-------+-------+-------+-------+-------+----------------------
         Total | 100.0 | 100.0 |   0.7 |   2.7 |   6.1 | 389.8
       Dungeon |  33.4 |  33.4 |   0.6 |   1.9 |   7.5 | 325.5
          Lair |  22.8 |  22.8 |   0.4 |   1.4 |   7.2 | 334.0
     Snake Pit |  23.4 |  23.4 |   0.6 |   5.7 |   3.4 | 684.5
  Orcish Mines |  14.6 |  14.5 |   1.7 |   1.2 |   7.0 | 423.2
     Labyrinth |   1.8 |   1.8 |   0.0 |   0.0 |   0.0 | 211.0
        Bailey |   4.0 |   4.1 |   0.0 |   6.7 |   4.0 | 475.0
               +-------+-------+-------+-------+-------+----------------------

Table legend:
 A = Kills in this place as a percentage of kills in entire the game.
 B = Kills by you in this place as a percentage of kills by you in the entire game.
 C = Kills by friends in this place as a percentage of kills by friends in the entire game.
 D = Other kills in this place as a percentage of other kills in the entire game.
 E = Experience gained in this place as a percentage of experience gained in the entire game.
 F = Experience gained in this place divided by the number of levels of this place that you have seen.
                   A       B       C       D       E      F
               +-------+-------+-------+-------+-------+----------------------
         Total | 100.0 | 100.0 | 100.0 |  -nan | 100.0 | 7641.3
       Dungeon |  30.0 |  30.1 |  26.8 |  -nan |   9.8 | 1863.9
          Lair |  30.0 |  31.0 |   2.4 |  -nan |  33.1 | 9480.2
     Snake Pit |  15.4 |  15.0 |  26.8 |  -nan |  45.8 | 26268.5
  Orcish Mines |  20.7 |  20.1 |  39.0 |  -nan |   8.7 | 5010.8
     Labyrinth |   0.1 |   0.1 |   0.0 |  -nan |   0.5 | 1085.0
        Bailey |   3.8 |   3.8 |   4.9 |  -nan |   2.1 | 4827.0
               +-------+-------+-------+-------+-------+----------------------
